 Dungeon Crawl Stone Soup version 0.29.0-15-g675c0067aa (webtiles) character file.

Game seed: 8533943760447612202

1424 qw the Cleaver (level 8, 0/49 HPs)
             Began as a Gargoyle Fighter on Sept 12, 2022.
             Was an Initiate of Okawaru.
             Slain by a wight
             ... wielding a +2 dagger
              (4 damage)
             ... on level 6 of the Dungeon.
             The game lasted 00:01:44 (4619 turns).

qw the Cleaver (Gargoyle Fighter)                   Turns: 4619, Time: 00:01:44

Health: 0/49       AC: 23    Str: 21    XL:     8   Next: 72%
Magic:  8/8        EV:  6    Int: 10    God:    Okawaru [......]
Gold:   156        SH:  4    Dex:  9    Spells: 7/7 levels left

rFire   + . .      SeeInvis .   Y - +4 war axe
rCold   . . .      Faith    .   c - +0 buckler
rNeg    + . .      Spirit   .   b - +0 plate armour
rPois   inf        Reflect  .   (no helmet)
rElec   +          Harm     .   m - +1 cloak
rCorr   .          Rampage  .   (no gloves)
Will    .....                   (no boots)
Stlth   ..........              f - amulet of regeneration
HPRegen 0.96/turn               s - ring of protection from fire
MPRegen 0.11/turn               i - +4 ring of protection

@: about to teleport
A: sickness immunity, AC +5, negative energy resistance 1, electricity
resistance, torment resistance 1, petrification resistance
a: Renounce Religion


You were on level 6 of the Dungeon.
You worshipped Okawaru.
Okawaru was noncommittal.
You visited 2 branches of the dungeon, and saw 7 of its levels.

You collected 346 gold pieces.
You spent 190 gold pieces at shops.


Innate Abilities, Weirdness & Mutations

You are immune to sickness and miasma.
Your stone body is resilient. (AC +5)
You are immune to poison.
You resist negative energy. (rN+)
You are resistant to electric shocks. (rElec)
You are resistant to unholy torment.
You are immune to petrification.


   Skills:
 + Level 5.3 Fighting
 - Level 8.0 Axes
 - Level 2.5 Throwing
 - Level 4.0 Armour
 - Level 1.9 Dodging
 - Level 3.2 Shields


You had 7 spell levels left.
You didn't know any spells.
Your spell library was empty.

Inventory:

Hand Weapons
 v - a +0 flail
 Y - a +4 war axe (weapon)
Missiles
 o - 6 javelins (quivered)
Armour
 b - a +0 plate armour (worn)
 c - a +0 buckler (worn)
 m - a +1 cloak (worn)
Jewellery
 f - an amulet of regeneration (around neck)
 i - a +4 ring of protection (right hand)
 j - a ring of resist corrosion
 r - a +6 ring of dexterity
 s - a ring of protection from fire (left hand)
Scrolls
 a - a scroll of identify
 p - 4 scrolls of blinking
Potions
 d - a potion of might
 e - a potion of cancellation
 g - a potion of berserk rage {unknown}
 k - 2 potions of heal wounds
 l - a potion of haste
 n - a potion of magic {unknown}
 q - 3 potions of curing
 t - a potion of ambrosia {unknown}

Dungeon Overview and Level Annotations

Branches:
Dungeon (6/15)             Temple (1/1) D:6

Altars:
Ashenzari
Cheibriados
Dithmenos
Elyvilon
Fedhas
Gozag
Hepliaklqana
Kikubaaqudgha
Makhleb
Nemelex Xobeh
Okawaru
Ru
Sif Muna
Uskayaw
Vehumet
Wu Jian
Xom
Yredelemnul
The Shining One

Shops:
D:1 [   D:5 ?

Annotations:
D:4 1 runed translucent door, Crazy Yiuf


Message History

The wight is almost destroyed.
You barely miss the iguana.
The wight hits you from afar with a +0 trident.
The wight hits you with a +3 trident of freezing!
The wight freezes you. You block the iguana's attack.
You hit the wight.
You destroy the wight!
Okawaru accepts your kill.
You closely miss the wight. You hit the iguana.
The wight hits you from afar with a +0 trident!
The wight hits you but does no damage. The iguana bites you.
Your Axes skill increases to level 8!
You hit the iguana.
The iguana is heavily wounded.
You hit the wight. You completely miss the wight. The wight barely misses you.
The wight hits you from afar with a +0 halberd.
You block the wight's attack. The wight barely misses you.
The iguana bites you.
You barely miss the iguana.
The iguana is heavily wounded.
You slash the wight! You closely miss the wight. The wight barely misses you.
The wight closely misses you.
The wight hits you from afar with a +0 trident.
The wight hits you but does no damage. The iguana barely misses you.
You hit the wight.
The wight is severely damaged.
You hit the iguana. You slash the wight! The wight hits you with a +4 flail.
The wight hits you but does no damage.
The iguana bites you but does no damage.
You block the wight's attack. The wight closely misses you.
The wight hits you with a +4 flail. The wight hits you but does no damage.
The wight hits you with a +2 dagger.
The wight hits you from afar with a +0 trident.
The iguana bites you.
4619 ||| READING scroll of teleportation.
As you read the scroll of teleportation, it crumbles to dust.
You feel strangely unstable. The wight closely misses you.
You block the wight's attack. The wight hits you with a +2 dagger.
You die...

+ ##### #.###### #..... +.......
##.... #....... +...(. #....... .
..... #....... #... #...# #####
#....###
..#...##...###...###....##.
........zl.....#.................
...#.......#....%..............
.....#...#.....................


You could see an iguana and 4 wights.

Vanquished Creatures
  An ice beast (D:6)
  2 black bears
  2 ogres
  A phantom (D:4)
  3 scorpions
  A bullfrog (D:5)
  A necrophage (D:5)
  A wight (D:6)
  2 vampire bats (D:4)
  A howler monkey (D:6)
  3 hounds
  A jelly (D:5)
  Terence (D:2)
  An iguana (D:6)
  Natasha (twice) (D:4)
  A gnoll bouda (D:5)
  9 gnolls (D:5)
  4 adders
  An ufetubus (D:5)
  2 dart slugs
  10 orcs
  7 ball pythons
  3 bat skeletons (D:4)
  2 bat zombies (D:4)
  7 endoplasms
  3 giant cockroaches
  7 goblins
  4 hobgoblins
  5 jackals
  3 quokkas
  6 bats
  2 frilled lizards
  6 kobolds
  6 rats
111 creatures vanquished.

Vanquished Creatures (others)
  A kobold (D:3)
1 creature vanquished.

Grand Total: 112 creatures vanquished

Notes
Turn   | Place    | Note
-------+----------+-------------------------------------------
     0 | D:1      | qw the Gargoyle Fighter began the quest for the Orb.
     0 | D:1      | Reached XP level 1. HP: 14/14 MP: 1/1
     0 | D:1      | 0 ||| qw: Version: 0.1-a-119-g272c26d
     0 | D:1      | 0 ||| qw: Game counter: 10808
     0 | D:1      | 0 ||| qw: Always use a shield: true
     0 | D:1      | 0 ||| qw: God list: Okawaru
     0 | D:1      | 0 ||| qw: Allow faded altars: false
     0 | D:1      | 0 ||| qw: Do Orc after D:15 true
     0 | D:1      | 0 ||| qw: Do second Lair branch before Depths: true
     0 | D:1      | 0 ||| qw: Lair rune preference: random
     0 | D:1      | 0 ||| qw: Plans: Normal, Zot, God:TSO, Crypt, Tomb, Pan,
                  | Slime, Hells, Zig, Abyss, Orb
     0 | D:1      | 0 ||| PLANNING D:1-11
    76 | D:1      | Found Zianafow's Armour Shop.
    85 | D:1      | 85 ||| SHOPLISTING +0 helmet (45 gold, have 15).
    85 | D:1      | 85 ||| SHOPLISTING +2 robe of cold resistance (177 gold,
                  | have 15).
   102 | D:1      | Reached skill level 2 in Axes
   258 | D:1      | 258 ||| DROPPING +0 club.
   274 | D:1      | Reached XP level 2. HP: 19/19 MP: 2/2
   622 | D:1      | Reached skill level 3 in Axes
   675 | D:1      | Reached XP level 3. HP: 21/23 MP: 3/3
   948 | D:1      | 948 ||| UPGRADING to amulet of regeneration.
   953 | D:1      | 953 ||| READING scroll labelled DOOT UR VURGHID.
   954 | D:1      | 954 ||| READING scroll labelled XEYGEMIYBBO.
  1085 | D:2      | Noticed Terence
  1098 | D:2      | Killed Terence
  1099 | D:2      | Reached XP level 4. HP: 28/28 MP: 4/4
  1113 | D:2      | 1113 ||| Stepping ~*~*~tactically~*~*~ (stealth).
  1115 | D:2      | 1115 ||| Stepping ~*~*~tactically~*~*~ (stealth).
  1279 | D:2      | Reached skill level 4 in Axes
  1325 | D:2      | Reached skill level 1 in Throwing
  1812 | D:2      | 1812 ||| UPGRADING to +0 chain mail.
  1822 | D:2      | 1822 ||| DROPPING +0 scale mail.
  1823 | D:2      | 1823 ||| UPGRADING to +0 cloak.
  1828 | D:2      | 1828 ||| READING scroll labelled OHI RUNWUHISI.
  1829 | D:2      | 1829 ||| READING scroll labelled PALYS WIOROCW.
  1830 | D:2      | 1830 ||| DRINKING 2 smoky ruby potions.
  1831 | D:2      | 1831 ||| DROPPING potion of flight.
  1850 | D:3      | Noticed a black bear
  1856 | D:3      | Killed a black bear
  1857 | D:3      | Reached skill level 5 in Axes
  1857 | D:3      | Reached XP level 5. HP: 32/32 MP: 5/5
  2064 | D:3      | Found a faded altar of an unknown god.
  2455 | D:3      | 2455 ||| UPGRADING to +0 plate armour.
  2465 | D:3      | 2465 ||| DROPPING +0 chain mail.
  2466 | D:3      | 2466 ||| UPGRADING to +6 ring of dexterity.
  2467 | D:3      | 2467 ||| READING scroll labelled KAAKO SAN VIOROY.
  2468 | D:3      | 2468 ||| READING 4 scrolls labelled HEOSUU UVEO.
  2469 | D:3      | 2469 ||| READING 2 scrolls labelled XOLUSO XOETEP.
  2470 | D:3      | 2470 ||| READING scroll labelled BARAAG ABRUMIQAE.
  2471 | D:3      | 2471 ||| DROPPING scroll of poison.
  2505 | D:4      | Noticed an ogre
  2513 | D:4      | Killed an ogre
  2514 | D:4      | Reached skill level 1 in Dodging
  2514 | D:4      | Reached XP level 6. HP: 24/37 MP: 6/6
  2514 | D:4      | 2514 ||| STAIRDANCE
  2667 | D:4      | Noticed Natasha
  2672 | D:4      | Killed Natasha
  2717 | D:4      | Noticed Natasha
  2719 | D:4      | 2719 ||| Stepping ~*~*~tactically~*~*~ (hiding).
  2720 | D:4      | 2720 ||| Stepping ~*~*~tactically~*~*~ (hiding).
  2726 | D:4      | Killed Natasha
  2745 | D:4      | Identified the +3 dagger "Veyptouf" {antimagic, *Rage rPois
                  | rC+}
  2855 | D:4      | Reached XP level 7. HP: 43/43 MP: 7/7
  3001 | D:4      | Found a runed translucent door.
  3002 | D:4      | Noticed Crazy Yiuf
  3082 | D:4      | 3082 ||| Stepping ~*~*~tactically~*~*~ (stealth).
  3084 | D:4      | Found an ancient bone altar of Kikubaaqudgha.
  3088 | D:4      | Reached skill level 6 in Axes
  3294 | D:4      | 3294 ||| UPGRADING to +4 ring of protection.
  3295 | D:4      | 3295 ||| UPGRADING to ring of protection from fire.
  3297 | D:4      | 3297 ||| READING 2 scrolls labelled JOJOROEFYA.
  3371 | D:5      | Entered Level 5 of the Dungeon
  3390 | D:5      | 3390 ||| Stepping ~*~*~tactically~*~*~ (stealth).
  3504 | D:5      | 3504 ||| DROPPING +0 whip.
  3538 | D:5      | Reached skill level 7 in Axes
  3538 | D:5      | Reached XP level 8. HP: 48/48 MP: 8/8
  3686 | D:5      | Found a sacrificial altar of Ru.
  3706 | D:5      | 3706 ||| SWAPPING to +4 war axe.
  3707 | D:5      | 3707 ||| DROPPING +1 war axe.
  3795 | D:5      | Found Boasutem's Magic Scroll Shop.
  3805 | D:5      | 3805 ||| BUYING scroll of blinking (75 gold).
  3805 | D:5      | Bought a scroll of blinking for 75 gold pieces
  3805 | D:5      | 3805 ||| BUYING scroll of enchant armour (75 gold).
  3805 | D:5      | Bought a scroll of enchant armour for 75 gold pieces
  3805 | D:5      | 3805 ||| BUYING scroll of identify (20 gold).
  3805 | D:5      | Bought a scroll of identify for 20 gold pieces
  3805 | D:5      | 3805 ||| BUYING scroll of identify (20 gold).
  3805 | D:5      | Bought a scroll of identify for 20 gold pieces
  3805 | D:5      | 3805 ||| READING scroll of enchant armour.
  3805 | D:5      | 3805 ||| ENCHANTING +0 cloak.
  3853 | D:5      | 3853 ||| Stepping ~*~*~tactically~*~*~ (stealth).
  3904 | D:5      | 3904 ||| Stepping ~*~*~tactically~*~*~ (stealth).
  4210 | D:5      | 4210 ||| READING scroll labelled UDOMES HETENU.
  4220 | D:5      | 4220 ||| DRINKING 4 fuming white potions.
  4221 | D:5      | 4221 ||| READING 4 scrolls of identify.
  4221 | D:5      | 4221 ||| IDENTIFYING orange potion
  4222 | D:5      | 4222 ||| READING 3 scrolls of identify.
  4222 | D:5      | 4222 ||| IDENTIFYING bubbling white potion
  4223 | D:5      | 4223 ||| READING 2 scrolls of identify.
  4223 | D:5      | 4223 ||| IDENTIFYING bubbling black potion
  4224 | D:5      | 4224 ||| DROPPING potion of brilliance.
  4367 | D:6      | 4367 ||| Stepping ~*~*~tactically~*~*~ (stealth).
  4394 | D:6      | Found a staircase to the Ecumenical Temple.
  4395 | D:6      | 4395 ||| PLANNING TEMPLE
  4395 | D:6      | 4395 ||| READING scroll labelled SIN BOCYAGOF.
  4404 | Temple   | Entered the Ecumenical Temple
  4558 | Temple   | 4558 ||| PLANNING D:1-11
  4579 | Temple   | Became a worshipper of Warmaster Okawaru
  4616 | D:6      | Reached skill level 8 in Axes
  4618 | D:6      | HP: 11/49 [wight/+4 flail (2)]
  4618 | D:6      | HP: 5/49 [wight/+0 trident (4)]
  4619 | D:6      | 4619 ||| READING scroll of teleportation.
  4619 | D:6      | Slain by a wight

Levels and vault maps discovered:
D:1:      grunt_arrival_lava_bath, layout_basic, serial_shops,
          nicolae_shop_stone
D:2:      layout_basic, st_stairs_13, uniq_terence
D:3:      wad_pebble_path, layout_basic, basic_ecumenical_altar
D:4:      layout_loops_ring, kennysheep_vampire_church, uniq_natasha,
          uniq_crazy_yiuf_cottage
D:5:      layout_loops_cross, mainiacjoe_overflow_concentric_impassable,
          serial_shops, nicolae_shop_waterfront
D:6:      layout_gridville, bloody_trog, minmay_temple_entry_sparse_star,
          serial_shops, shop, uniq_maggie
Temple:   nicolae_temple_bog_church

Skill      XL: |  1  2  3  4  5  6  7  8 |
---------------+-------------------------+-----
Axes           | 2 3 5 7 8 |  8.0
Throwing       | 1 2 |  2.5
Dodging        | 1 |  1.9
Fighting       | 4 5 |  5.3
Armour         | 4 |  4.0
Shields        | |  3.2

Action                   |  1- 3 |  4- 6 |  7- 9 || total
-------------------------+-------+-------+-------++-------
Melee: War axe           |    77 |   112 |   146 ||   335
Throw: Javelin           |       |    25 |    35 ||    60
  Use: Scroll            |     2 |     6 |     8 ||    16
       Potion            |       |     1 |     1 ||     2
Armor: Scale mail        |    48 |    39 |       ||    87
       Chain mail        |       |    24 |       ||    24
       Plate armour      |       |    24 |   132 ||   156
Dodge: Dodged            |    28 |    49 |    60 ||   137
Block: Buckler           |    10 |    30 |    37 ||    77

Table legend:
 A = Non-vault XP
 B = Vault XP
 C = Vault XP percentage of total XP
 D = Non-vault monster count
 E = Vault monster count
 F = Vault count percentage of total count
                 A         B        C        D         E       F
            +---------+---------+-------+---------+---------+-------
      Total |    1844 |     191 |   9.4 |     100 |      11 |   9.9
            +---------+---------+-------+---------+---------+-------
        D:1 |      41 |       0 |   0.0 |      24 |       0 |   0.0
        D:2 |      54 |      39 |  41.9 |      17 |       3 |  15.0
        D:3 |     147 |       0 |   0.0 |      13 |       0 |   0.0
        D:4 |     366 |     152 |  29.3 |      11 |       8 |  42.1
        D:5 |     865 |       0 |   0.0 |      29 |       0 |   0.0
        D:6 |     371 |       0 |   0.0 |       6 |       0 |   0.0
            +---------+---------+-------+---------+---------+-------
